 Dungeon Crawl Stone Soup version 0.27-a0-931-g5a74e75d8f (webtiles) character file.

Game seed: 9319815846906130469

8 Alarkh the Insei (level 2, 22/22 HPs)
             Began as a Demonspawn Gladiator on Apr 10, 2021.
             Got out of the dungeon alive.
             The game lasted 00:00:20 (559 turns).

Alarkh the Insei (Demonspawn Gladiator)              Turns: 559, Time: 00:00:20

Health: 22/22      AC:  4    Str: 14    XL:     2   Next: 0%
Magic:  2/2        EV: 12    Int:  9    God:
Gold:   61         SH:  4    Dex: 14    Spells: 1/1 levels left

rFire    . . .     SeeInvis .     - Unarmed
rCold    . . .     Faith    .   (no shield)
rNeg     . . .     Spirit   .   a - +0 leather armour
rPois    .         Reflect  .   b - +0 helmet
rElec    .         Harm     .   (no cloak)
rCorr    .         Rampage  .   (no gloves)
Will     .....                  (no boots)
Stlth    +.........             (no amulet)
HPRegen  0.07/turn              (no ring)
MPRegen  0.08/turn              (no ring)

@: no status effects
A: condensation shield
a: no special abilities


You escaped.
You visited 1 branch of the dungeon, and saw 1 of its levels.

You collected 61 gold pieces.

Inventory:

Missiles
 c - 3 throwing nets (quivered)
Armour
 a - a +0 leather armour (worn)
 b - a +0 helmet (worn)


   Skills:
 + Level 2.2 Fighting
 - Level 1.7 Throwing
 - Level 2.6 Dodging
 * Level 3.1 Unarmed Combat


You had one spell level left.
You didn't know any spells.
Your spell library was empty.

Dungeon Overview and Level Annotations

Branches:
Dungeon (1/15)

Altars:


Innate Abilities, Weirdness & Mutations

A meltable shield of frost defends you. (SH +4)


Message History

You hit the hobgoblin.
You kill the hobgoblin!
Your Unarmed Combat skill increases to level 3!
The rat misses you.
Things that are here:
15 gold pieces; a hobgoblin corpse You hit the rat.
The rat is heavily wounded.
The rat barely misses you.
You hit the rat.
You kill the rat!
The kobold closely misses you.
You see here a rat corpse.
You hit the kobold.
The kobold is severely wounded.
The kobold completely misses you.
You barely miss the kobold.
The kobold is severely wounded.
The kobold closely misses you.
You hit the kobold.
You kill the kobold!
You have reached level 2!
Your demonic ancestry asserts itself...
Frost condenses into a shield before you.
You now have 61 gold pieces (gained 15).
You see here a hobgoblin corpse.
You see here a rat corpse.
Things that are here:
a +0 club; 3 stones Unknown command.
Unknown command.
Unknown command.
Unknown command.
Unknown command.
There are no items here.
Unknown command.
There is a shaft here.
There is a staircase leading out of the dungeon here.
Are you sure you want to leave the Dungeon?
This will make you lose the game!
You have escaped!

##.###.# #.....##.##......
#......# #..........#.....
#..##..# ########.#.#.....
#..##..###########.#.#.....
#..................#.##..##
#######.##################.##....
.....##.#.. #..........#.#.##..##
.....##.#.# #.########.#.#.##..##
........#.# #...@....#.#.#.#.....
...†....#.# ########.#.#.#.###...
..†.....#.# #...#.# #...
.)...##.#.##############.#.# #...
.....##...........^........# #...
.....##.######.#.#.#######.###...
.....##.#....#.#.#.......#.....>.
.....##.#.##.#.#.#.#####.########
........#.#..#.#.#.#


There were no monsters in sight!

Vanquished Creatures
  A giant cockroach (D:1)
  2 hobgoblins (D:1)
  A ball python (D:1)
  A bat (D:1)
  2 kobolds (D:1)
  2 rats (D:1)
9 creatures vanquished.

Notes
Turn   | Place    | Note
-------+----------+-------------------------------------------
     0 | D:1      | Alarkh the Demonspawn Gladiator began the quest for the
                  | Orb.
     0 | D:1      | Reached XP level 1. HP: 16/16 MP: 1/1
   503 | D:1      | Reached skill level 3 in Unarmed Combat
   510 | D:1      | Gained mutation: A meltable shield of frost defends you.
                  | (SH +4) [demonic ancestry]
   510 | D:1      | Reached XP level 2. HP: 22/22 MP: 2/2
   559 | D:$      | Got out of the dungeon alive.

Illustrated notes

Levels and vault maps discovered:
D:1:      matt_arrival_spirals, layout_basic

Skill      XL: |  1 |
---------------+----+-----
Unarmed Combat | 3 |  3.1
Fighting       | |  2.2
Throwing       | |  1.7
Dodging        | |  2.6

Action                   || total
-------------------------++-------
Melee: Unarmed           ||    27
Armor: Leather armour    ||    13
Dodge: Dodged            ||    20

Table legend: (Time is in decaauts)
 A = Elapsed time spent in this place.
 B = Non-inter-level travel time spent in this place.
 C = Inter-level travel time spent in this place.
 D = Time resting spent in this place.
 E = Time spent auto-exploring this place.
 F = Levels seen in this place.
 G = Mean time per level.
                   A        B        C        D        E       F      G
               +--------+--------+--------+--------+--------+-----+--------+
         Total |    557 |    515 |     42 |      0 |    457 |   1 |  557.0 |
       Dungeon |    557 |    515 |     42 |      0 |    457 |   1 |  557.0 |
               +--------+--------+--------+--------+--------+-----+--------+

Top non-repeatable levels by time:
     D:1: 557 daAuts
